 Dungeon Crawl Stone Soup version 0.29.1-12-g30fa7ad0bf (webtiles) character file.

Game seed: 10588608261359268515

51 nightchill the Grave Robber (level 3, -1/20 HPs)
             Began as a Tengu Necromancer on Jan 14, 2023.
             Slain by an adder (3 damage)
             ... on level 2 of the Dungeon.
             The game lasted 00:03:08 (2567 turns).

nightchill the Grave Robber (Tengu Necromancer)     Turns: 2567, Time: 00:03:09

Health: -1/20      AC:  2    Str:  8    XL:     3   Next: 83%
Magic:  7/7        EV: 12    Int: 17    God:
Gold:   72         SH:  0    Dex: 14    Spells: 5/6 levels left

rFire   . . .      SeeInvis .   c - +0 short sword
rCold   . . .      Faith    .   (no shield)
rNeg    . . .      Spirit   .   a - +0 robe
rPois   .          Reflect  .   (helmet restricted)
rElec   .          Harm     .   (no cloak)
rCorr   .          Rampage  .   (no gloves)
Will    .....                   (boots unavailable)
Stlth   ++........              (no amulet)
HPRegen 0.06/turn               (no ring)
MPRegen 0.10/turn               (no ring)

@: lethally poisoned (-1 -> -8)
A: beak, talons 3
a: no special abilities


You were on level 2 of the Dungeon.
You visited 1 branch of the dungeon, and saw 2 of its levels.

You collected 72 gold pieces.

Inventory:

Hand Weapons
 c - a +0 short sword (weapon)
Armour
 a - a +0 robe (worn)
Jewellery
 i - a ring of protection from cold
Scrolls
 d - a scroll of butterflies {unknown}
 e - a scroll of noise {unknown}
 h - a scroll of amnesia {unknown}
 j - a scroll of brand weapon {unknown}
 k - a scroll of teleportation {unknown}
 l - 2 scrolls of identify {unknown}
 n - a scroll of enchant weapon {unknown}
Potions
 b - 2 potions of magic
 f - a potion of resistance {unknown}
 g - a potion of flight {unknown}
 m - a potion of haste {unknown}


   Skills:
 + Level 1.6 Fighting
 * Level 3.0 Short Blades
 - Level 2.1 Dodging
 - Level 2.0 Stealth
 - Level 2.0 Spellcasting
 - Level 4.3 Necromancy


You had 5 spell levels left.
You knew the following spells:

 Your Spells              Type           Power      Damage    Failure   Level
a - Necrotise             Necr           64%        1d7       3%          1

Your spell library contained the following spells:

 Spells                   Type           Power      Damage    Failure   Level
 Vampiric Draining        Necr           16%        2d7       10%         3
 Animate Dead             Necr           16%        N/A       32%         4
 Dazzling Flash           Conj/Hex       2%         N/A       50%         3
 Agony                    Necr           16%        N/A       65%         5
 Iskenderun's Mystic Bla  Conj/Tloc      1%         2d3       88%         4
 Iskenderun's Battlesphe  Conj           1%         2d6       99%         5
 Iron Shot                Conj/Erth      0%         9d1       100%        6
 Starburst                Conj/Fire      0%         6d3       100%        6
 Spellforged Servitor     Conj/Summ      0%         N/A       100%        7


Dungeon Overview and Level Annotations

Branches:
Dungeon (2/15)

Altars:


Innate Abilities, Weirdness & Mutations

You have a beak for a mouth.
You have claws for feet.


Message History

The quokka barely misses you. The quokka closely misses you.
You hit the quokka. Your peck misses the quokka.
The quokka is moderately wounded.
The quokka bites you.
You are too injured to fight recklessly!
You are too injured to fight recklessly!
You are too injured to fight recklessly!
The adder bites you.
* * * LOW HITPOINT WARNING * * *
The adder attacks as you move away! The adder misses you.
Things that are here:
a +0 short sword; 3 stones You barely miss the adder.
Your kick misses the adder. The adder barely misses you.
The adder closely misses you.
The quokka twitches its whiskers.
You hit the adder. Your kick misses the adder.
The adder is heavily wounded.
The adder closely misses you.
You hit the adder but do no damage. Your kick misses the adder.
The adder is heavily wounded.
The adder bites you.
* * * LOW HITPOINT WARNING * * *
You are poisoned.
The adder poisons you!
You miss the adder. Your kick misses the adder. Your peck misses the adder.
The adder is heavily wounded.
You feel sick. The adder bites you.
* * * LOW HITPOINT WARNING * * *
You closely miss the adder. You claw the adder.
The adder is severely wounded.
* * * LOW HITPOINT WARNING * * *
You feel sick. The adder closely misses you. The adder bites you.
* * * LOW HITPOINT WARNING * * *
You are more poisoned.
The adder poisons you!
You miss the adder. Your kick misses the adder.
The adder is severely wounded.
* * * LOW HITPOINT WARNING * * *
You feel sick. The adder bites you.
You die...

#.......#
+...⌠...+
#.......#
#.⌠...⌠.#
#.......#
###'######.
#r........=
#S#####.##.
# #@#####
#.###.#...#
#.......#
####..#...#
#.###.##
#.# ... #.#
### #.# #.#


You could see an adder and a quokka.

Vanquished Creatures
  An adder (D:2)
  2 worms (D:2)
  2 dart slugs
  6 endoplasms
  2 giant cockroaches
  3 hobgoblins
  A quokka (D:1)
  5 ball pythons
  3 frilled lizards
  5 kobolds
  A rat (D:2)
31 creatures vanquished.

Vanquished Creatures (collateral kills)
  A quokka (D:1)
  A bat (D:1)
2 creatures vanquished.

Grand Total: 33 creatures vanquished

Notes
Turn   | Place    | Note
-------+----------+-------------------------------------------
     0 | D:1      | nightchill the Tengu Necromancer began the quest for the
                  | Orb.
     0 | D:1      | Reached XP level 1. HP: 10/10 MP: 4/4
   128 | D:1      | Reached skill level 1 in Short Blades
   143 | D:1      | Reached XP level 2. HP: 7/16 MP: 6/6
   521 | D:1      | Found a faded altar of an unknown god.
   576 | D:1      | Reached skill level 1 in Fighting
  1804 | D:2      | Reached XP level 3. HP: 20/20 MP: 7/7
  2567 | D:2      | Slain by an adder

Illustrated notes

Levels and vault maps discovered:
D:1:      dpeg_arrival_rooms_b, layout_basic,
          dreamdust_ecumenical_altar_angels_and_demons, serial_park_tiny_1,
          reono_crystal_passage, amethyst_killhole,
          chequers_serial_rivers_small_3
D:2:      layout_loops_ring, roderic_serpentine_path, minmay_fountain_box,
          uniq_sigmund

Skill      XL: |  1  2  3 |
---------------+----------+-----
Short Blades   | 1 2 3 |  3.0
Fighting       | 1 |  1.6
Dodging        | |  2.1
Stealth        | |  2.0
Spellcasting   | |  2.0
Necromancy     | |  4.3

Action                   || total
-------------------------++-------
Melee: Short sword       ||    84
       Kick              ||    21
       Peck              ||     7
       Punch             ||     1
 Cast: Necrotise         ||    19
 Stab: Sleeping          ||     4
Armor: Robe              ||    17
Dodge: Dodged            ||    45
